 Seeded DCSS version 0.31-a0-229-g1fc7ce93e2 (webtiles) character file.

Game seed: 705649268257728946 (custom seed)

22 innerfire43 the Chopper (level 2, -4/24 HPs)
             Began as a Demonspawn Monk on July 6, 2023.
             Killed from afar by Terence (10 damage)
             ... with a puff of flame
             ... on level 2 of the Dungeon.
             The game lasted 00:01:11 (996 turns).

innerfire43 the Chopper (Demonspawn Monk)            Turns: 996, Time: 00:01:13

Health: -4/24      AC:  4    Str: 11    XL:     2   Next: 68%
Magic:  2/2        EV:  5    Int: 11    God:
Gold:   38         SH:  0    Dex: 18    Spells: 1/1 levels left

rFire   . . .        a - +0 hand axe
rCold   . . .        n - +18 shield of the Gong {Loud rN+ Will+ rCorr EV-5}
rNeg    + . .        b - +0 robe
rPois   .            (no helmet)
rElec   .            (no cloak)
rCorr   +            m - +1 pair of gloves {Dex+3}
SInv    .            (no boots)
Will    +....        (no amulet)
Stlth   +            (no ring)
HPRegen 0.24/turn    (no ring)
MPRegen 0.08/turn

%: no passive effects
@: confused, ambrosia-drunk
A: claws 1
a: no special abilities


You were on level 2 of the Dungeon.
You visited 1 branch of the dungeon, and saw 2 of its levels.

You collected 38 gold pieces.

Inventory:

Hand Weapons
 a - a +0 hand axe (weapon)
Armour
 b - a +0 robe (worn)
 d - an orb of light
 m - a +1 pair of gloves of dexterity (worn)
 n - the +18 shield of the Gong (worn) {Loud rN+ Will+ rCorr EV-5}
   (You acquired it on level 2 of the Dungeon)

   Loud:      It is deafeningly noisy when blocking attacks.
   EV:        It affects your evasion (-5).
   rN:        It protects you from negative energy.
   rCorr:     It protects you from acid and corrosion.
   Will:      It increases your willpower.
Scrolls
 g - a scroll of blinking {unknown}
 i - a scroll of immolation {unknown}
 j - a scroll of teleportation {unknown}
 k - a scroll of fog {unknown}
 l - a scroll of identify {unknown}
Potions
 c - 2 potions of ambrosia
 e - 2 potions of mutation {unknown}
 f - a potion of berserk rage {unknown}
 h - a potion of resistance {unknown}


   Skills:
 - Level 3.0 Fighting
 * Level 3.6 Axes
 - Level 2.6 Dodging
 * Level 0.1 Shields


You had one spell level left.
You didn't know any spells.
Your spell library was empty.

Dungeon Overview and Level Annotations

Branches:
Dungeon (2/15)

Altars:

Annotations:
D:2 Terence


Innate Abilities, Weirdness & Mutations

You have sharp fingernails.


Message History

* * * LOW HITPOINT WARNING * * *
You block Terence's attack.
GONNNNG!
You hit Terence but do no damage.
Terence is heavily wounded.
You block Terence's attack.
PTOANNNG!
You hit Terence but do no damage.
Terence is heavily wounded.
You block Terence's attack.
GONNNNG!
Unknown command.
You hit Terence.
Terence is severely wounded.
You block Terence's attack.
PTOANNNG!
Terence zaps a wand.
The puff of flame hits you.
* * * LOW HITPOINT WARNING * * *
You hear an angry hiss.
You hit Terence but do no damage.
Terence is severely wounded.
You block Terence's attack.
GONNNNG!
You are confused.
You feel invigorated. The rat bites you but does no damage.
Terence hits you with a +0 mace.
* * * LOW HITPOINT WARNING * * *
You barely miss Terence.
Terence is severely wounded.
You closely miss the rat. Terence hits you with a +0 mace.
* * * LOW HITPOINT WARNING * * *
The rat bites you.
* * * LOW HITPOINT WARNING * * *
You bump into the rock wall.
The rat closely misses you.
Terence zaps a wand.
The puff of flame hits you!
* * * LOW HITPOINT WARNING * * *
Okay, then.
You bump into the rock wall.
The rat closely misses you.
Terence zaps a wand.
The puff of flame hits you!
You die...

#### #....
......############
......@@.........#
......r###.#####.###
....... #.#.......#
....... #.#.###..##
....... #.#......#
....... #.######.#
......> #.# #.#
.....#. #.# #.# #.#
#.# #.#


You could see Terence and a rat.

Vanquished Creatures
  A dart slug (D:2)
  2 bats (D:1)
  An endoplasm (D:2)
  A goblin (D:1)
  5 hobgoblins
  A quokka (D:2)
  2 frilled lizards
  4 kobolds
  2 rats
19 creatures vanquished.

Notes
Turn   | Place    | Note
-------+----------+-------------------------------------------
     0 | D:1      | innerfire43 the Demonspawn Monk began the quest for the
                  | Orb.
     0 | D:1      | Reached XP level 1. HP: 18/18 MP: 1/1
   410 | D:1      | Gained mutation: You have sharp fingernails. [demonic
                  | ancestry]
   410 | D:1      | Reached XP level 2. HP: 23/24 MP: 2/2
   918 | D:2      | Identified a scroll of acquirement
   918 | D:2      | Acquired the +18 shield of the Gong {Loud rN+ Will+ rCorr
                  | EV-5}
   918 | D:2      | Found the +18 shield of the Gong {Loud rN+ Will+ rCorr
                  | EV-5}
   977 | D:2      | Noticed Terence
   996 | D:2      | Killed from afar by Terence

Illustrated notes

Levels and vault maps discovered:
D:1:      minmay_arrival_widening_spiral_narrow, layout_basic
D:2:      layout_basic, shapermc_ecumenical_altar_mp_highgroup, uniq_terence,
          uniq_sigmund

Skill      XL: |  1 |
---------------+----+-----
Axes           | 3 |  3.6
Fighting       | |  3.0
Dodging        | |  2.6
Shields        | |  0.1

Action                     || total
---------------------------++-------
  Melee: Hand axe          ||    53
    Use: Scroll            ||     1
         Potion            ||     1
 Armour: Robe              ||     8
  Dodge: Dodged            ||    28
  Block: Kite shield       ||    15

Table legend: (Time is in decaauts)
 A = Elapsed time spent in this place.
 B = Non-inter-level travel time spent in this place.
 C = Inter-level travel time spent in this place.
 D = Time resting spent in this place.
 E = Time spent auto-exploring this place.
 F = Levels seen in this place.
 G = Mean time per level.
                   A        B        C        D        E       F      G
               +--------+--------+--------+--------+--------+-----+--------+
         Total |   1006 |    916 |     90 |      0 |    756 |   2 |  503.0 |
       Dungeon |   1006 |    916 |     90 |      0 |    756 |   2 |  503.0 |
               +--------+--------+--------+--------+--------+-----+--------+

Top non-repeatable levels by time:
     D:1: 660 daAuts
     D:2: 345 daAuts
